BSA
NIAGARA FALLS FRENZY @ PLYMOUTH ROCKS
09/24/2024
 
TOP OF THE 1ST
Niagara Falls Frenzy batting - Pitching for Plymouth Rocks : RHP John Smith
Pitching: RHP John Smith
Batting: LHB Clyde Yarbrough 0-0: Foul Ball, location: 2F
0-1: Foul Ball, location: 2F
0-2: Ball
1-2: Foul Ball, location: 2F
1-2: Fly out, F7 (Flyball, 7M)
Batting: LHB Dante Owens 0-0: Foul Ball, location: 2F
0-1: Ball
1-1: Ball
2-1: Swinging Strike
2-2: Ground out U3 (Groundball, 3)
Batting: SHB Ray Burgess 0-0: Called Strike
0-1: Ball
1-1: SINGLE (Line Drive, 89M)
Batting: LHB Donovan Bird 0-0: DOUBLE (Line Drive, 9LM)
Ray Burgess to third
Batting: SHB Martín De Jesús 0-0: Fly out, F7 (Flyball, 7M)
Top of the 1st over - 0 run(s), 2 hit(s), 0 error(s), 2 left on base; Niagara Falls 0 - Plymouth 0
BOTTOM OF THE 1ST
Plymouth Rocks batting - Pitching for Niagara Falls Frenzy : RHP Étienne Garcia
Pitching: RHP Étienne Garcia
Batting: SHB António Enríquez 0-0: Ball
1-0: Called Strike
1-1: Ball
2-1: Fly out, F7 (Flyball, 78S)
Batting: RHB António Zúñiga 0-0: Called Strike
0-1: Ball
1-1: Ball
2-1: SINGLE (Groundball, 4MD)
Batting: LHB Frank Geddes 0-0: Ball
1-0: Foul Ball, location: 2F
1-1: Fly out, F8 (Flyball, 78M)
Batting: RHB Frederico Hernández 0-0: Ball
António Zúñiga steals 2nd base
1-0: Foul Ball, location: 2F
1-1: Ball
2-1: SINGLE (Flyball, 89S)
António Zúñiga to third
Runner from 3rd tries for Home, throw and OUT!
Bottom of the 1st over - 0 run(s), 2 hit(s), 0 error(s), 1 left on base; Niagara Falls 0 - Plymouth 0
TOP OF THE 2ND
Niagara Falls Frenzy batting - Pitching for Plymouth Rocks : RHP John Smith
Batting: RHB Lawrence Schroeder 0-0: Swinging Strike
0-1: Swinging Strike
0-2: TRIPLE (Line Drive, 89M)
Batting: RHB Ángel Hinojosa 0-0: Foul Ball, location: 2F
0-1: Ball
1-1: DOUBLE (Flyball, 9D)
Lawrence Schroeder scores
Batting: RHB Juan Carlos Rodríguez 0-0: Ball
1-0: Ball
2-0: Called Strike
2-1: Ball
3-1: 2-RUN HOME RUN (Flyball, 89XD), Distance : 415 ft
Batting: RHB Juan Sánchez 0-0: Swinging Strike
0-1: Ball
1-1: Ball
2-1: Swinging Strike
2-2: Foul Ball, location: 2F
2-2: Ball
3-2: Fly out, F9 (Flyball, 9D)
Batting: LHB Clyde Yarbrough 0-0: Ball
1-0: Foul Ball, location: 2F
1-1: Ball
2-1: SINGLE (Line Drive, 5L)
Batting: LHB Dante Owens 0-0: Ball
1-0: Called Strike
1-1: Swinging Strike
1-2: Fielders Choice at 2nd, 6-4 (Groundball, 6)
Batting: SHB Ray Burgess 0-0: DOUBLE (Line Drive, 89XD)
Dante Owens to third
Dante Owens scores
Batting: LHB Donovan Bird 0-0: Ball
1-0: Ball
2-0: SINGLE (Groundball, 5D)
Ray Burgess to third
Runner from 3rd tries for Home, SAFE, no throw or cutoff
Batting: SHB Martín De Jesús 0-0: Ball
1-0: Ball
2-0: Foul Ball, location: 2F
2-1: Foul Ball, location: 2F
2-2: SINGLE (Groundball, 4M)
Donovan Bird to second
Donovan Bird to third
Batting: RHB Lawrence Schroeder 0-0: Ball
1-0: Ball
2-0: Called Strike
2-1: Swinging Strike
2-2: Ball
3-2: SINGLE (Line Drive, 34)
Donovan Bird scores
Martín De Jesús to second
Martín De Jesús to third
Batting: RHB Ángel Hinojosa 0-0: Ball
1-0: Foul Ball, location: 2F
1-1: Foul Ball, location: 2F
1-2: Strikes out looking
Top of the 2nd over - 6 run(s), 8 hit(s), 0 error(s), 2 left on base; Niagara Falls 6 - Plymouth 0
BOTTOM OF THE 2ND
Plymouth Rocks batting - Pitching for Niagara Falls Frenzy : RHP Étienne Garcia
Batting: RHB Anthony Rucker 0-0: Ball
1-0: Called Strike
1-1: Called Strike
1-2: Ball
2-2: SINGLE (Line Drive, 5D)
Batting: LHB Roy Patrick 0-0: Called Strike
Anthony Rucker steals 2nd base
0-1: Ball
1-1: Ball
2-1: Ball
3-1: Called Strike
3-2: Strikes out looking
Batting: RHB Jorge Márquez 0-0: Ground out 5-3 (Groundball, 5D)
Batting: RHB Dexter Potter 0-0: Ground out 5-3 (Groundball, 56)
Bottom of the 2nd over - 0 run(s), 1 hit(s), 0 error(s), 1 left on base; Niagara Falls 6 - Plymouth 0
TOP OF THE 3RD
Niagara Falls Frenzy batting - Pitching for Plymouth Rocks : RHP John Smith
Batting: RHB Juan Carlos Rodríguez 0-0: Ground out 4-3 (Groundball, 4)
Batting: RHB Juan Sánchez 0-0: Ball
1-0: Ground out 5-3 (Groundball, 5S)
Batting: LHB Clyde Yarbrough 0-0: Ground out 1-3 (Groundball, 13)
Top of the 3rd over - 0 run(s), 0 hit(s), 0 error(s), 0 left on base; Niagara Falls 6 - Plymouth 0
BOTTOM OF THE 3RD
Plymouth Rocks batting - Pitching for Niagara Falls Frenzy : RHP Étienne Garcia
Batting: RHB Ray Yates 0-0: Called Strike
0-1: Foul Ball, location: 2F
0-2: Foul Ball, location: 2F
0-2: Strikes out swinging
Batting: SHB António Enríquez 0-0: Called Strike
0-1: Foul Ball, location: 2F
0-2: Ball
1-2: Ground out 5-3 (Groundball, 5)
Batting: RHB António Zúñiga 0-0: Fly out, F7 (Flyball, 7LM)
Bottom of the 3rd over - 0 run(s), 0 hit(s), 0 error(s), 0 left on base; Niagara Falls 6 - Plymouth 0
TOP OF THE 4TH
Niagara Falls Frenzy batting - Pitching for Plymouth Rocks : RHP John Smith
Pitching: RHP Pepe Vázquez
Batting: LHB Dante Owens 0-0: Called Strike
0-1: Ball
1-1: Fly out, F9 (Flyball, 89D)
Batting: SHB Ray Burgess 0-0: Ball
1-0: Swinging Strike
1-1: Ball
2-1: Ground out 6-3 (Groundball, 6)
Batting: LHB Donovan Bird 0-0: Ball
1-0: Called Strike
1-1: Ball
2-1: Called Strike
2-2: DOUBLE (Flyball, 9LM)
Batting: SHB Martín De Jesús 0-0: Foul Ball, location: 2F
0-1: Ball
1-1: Called Strike
1-2: Ball
2-2: Ball
3-2: Foul Ball, location: 2F
3-2: Base on Balls
Batting: RHB Lawrence Schroeder 0-0: Ball
1-0: Called Strike
1-1: Swinging Strike
1-2: Foul Ball, location: 2F
1-2: Foul Ball, location: 2F
1-2: Ball
2-2: DOUBLE (Flyball, 78XD)
Donovan Bird scores
Martín De Jesús to third
Runner from 3rd tries for Home, SAFE, no throw or cutoff
Batting: RHB Ángel Hinojosa 0-0: Called Strike
0-1: Ball
1-1: Swinging Strike
1-2: Strikes out swinging
Top of the 4th over - 2 run(s), 2 hit(s), 0 error(s), 1 left on base; Niagara Falls 8 - Plymouth 0
BOTTOM OF THE 4TH
Plymouth Rocks batting - Pitching for Niagara Falls Frenzy : RHP Étienne Garcia
Batting: LHB Frank Geddes 0-0: Swinging Strike
0-1: Swinging Strike
0-2: Strikes out swinging
Batting: RHB Frederico Hernández 0-0: Foul Ball, location: 2F
0-1: Swinging Strike
0-2: Strikes out looking
Batting: RHB Anthony Rucker 0-0: Ball
1-0: Ball
2-0: SINGLE (Groundball, 6MD) (infield hit)
Batting: LHB Roy Patrick 0-0: Called Strike
Anthony Rucker is caught stealing 2nd base
Bottom of the 4th over - 0 run(s), 1 hit(s), 0 error(s), 0 left on base; Niagara Falls 8 - Plymouth 0
TOP OF THE 5TH
Niagara Falls Frenzy batting - Pitching for Plymouth Rocks : RHP Pepe Vázquez
Batting: RHB Juan Carlos Rodríguez 0-0: Called Strike
0-1: Ball
1-1: Foul Ball, location: 2F
1-2: Ground out 6-3 (Groundball, 6)
Batting: RHB Juan Sánchez 0-0: Swinging Strike
0-1: Ball
1-1: Foul Ball, location: 2F
1-2: Ball
2-2: Fly out, F7 (Flyball, 78S)
Batting: LHB Clyde Yarbrough 0-0: SINGLE (Line Drive, 4MD)
Batting: LHB Dante Owens 0-0: Ball
1-0: Ball
2-0: Ball
3-0: Base on Balls
Clyde Yarbrough to second
Batting: SHB Ray Burgess 0-0: Called Strike
0-1: Called Strike
0-2: Strikes out swinging
Top of the 5th over - 0 run(s), 1 hit(s), 0 error(s), 2 left on base; Niagara Falls 8 - Plymouth 0
BOTTOM OF THE 5TH
Plymouth Rocks batting - Pitching for Niagara Falls Frenzy : RHP Étienne Garcia
Batting: LHB Roy Patrick 0-0: Called Strike
0-1: Called Strike
0-2: Foul Ball, location: 2F
0-2: Ball
1-2: DOUBLE (Line Drive, 9LS)
Batting: RHB Jorge Márquez 0-0: Ball
1-0: Swinging Strike
1-1: Ground out 5-3 (Groundball, 5S)
Roy Patrick to third
Batting: RHB Dexter Potter 0-0: Swinging Strike
0-1: Ball
1-1: Ball
2-1: Fly out, F5 (Line Drive, 5S)
Batting: RHB Ray Yates 0-0: Ball
1-0: DOUBLE (Line Drive, 7LD)
Roy Patrick scores
Batting: SHB António Enríquez 0-0: Ball
1-0: Ball
2-0: Ball
3-0: Called Strike
3-1: Base on Balls
Batting: RHB António Zúñiga 0-0: Ball
1-0: Called Strike
1-1: Ball
2-1: Foul Ball, location: 2F
2-2: Ball
3-2: Ground out 1-3 (Groundball, 15)
Bottom of the 5th over - 1 run(s), 2 hit(s), 0 error(s), 2 left on base; Niagara Falls 8 - Plymouth 1
TOP OF THE 6TH
Niagara Falls Frenzy batting - Pitching for Plymouth Rocks : RHP Pepe Vázquez
Batting: LHB Donovan Bird 0-0: Foul Ball, location: 2F
0-1: Ball
1-1: Ball
2-1: Called Strike
2-2: Ball
3-2: Foul Ball, location: 2F
3-2: Base on Balls
Pitching: RHP Ángel López
Batting: SHB Martín De Jesús 0-0: Called Strike
0-1: Ball
1-1: Called Strike
1-2: Foul Ball, location: 2F
1-2: SINGLE (Line Drive, 56)
Donovan Bird to second
Donovan Bird to third
Batting: RHB Lawrence Schroeder 0-0: Ball
1-0: Called Strike
1-1: Called Strike
1-2: Foul Ball, location: 2F
1-2: Ball
2-2: Ball
3-2: Grounds into double play, 6-4-3 (Groundball, 6)
Donovan Bird scores
Batting: RHB Ángel Hinojosa 0-0: DOUBLE (Groundball, 3L)
Batting: RHB Juan Carlos Rodríguez 0-0: DOUBLE (Flyball, 7D)
Ángel Hinojosa scores
Batting: RHB Juan Sánchez 0-0: Ground out 5-3 (Groundball, 56)
Top of the 6th over - 2 run(s), 3 hit(s), 0 error(s), 1 left on base; Niagara Falls 10 - Plymouth 1
BOTTOM OF THE 6TH
Plymouth Rocks batting - Pitching for Niagara Falls Frenzy : RHP Étienne Garcia
Batting: LHB Frank Geddes 0-0: Ball
1-0: Ball
2-0: Ball
3-0: Called Strike
3-1: Ground out 4-3 (Groundball, 4)
Batting: RHB Frederico Hernández 0-0: Ball
1-0: Ball
2-0: SINGLE (Groundball, 6MD)
Batting: RHB Anthony Rucker 0-0: Ball
1-0: Ball
2-0: SINGLE (Line Drive, 56D)
Frederico Hernández to second
Batting: LHB Roy Patrick 0-0: Called Strike
0-1: TRIPLE (Flyball, 89XD)
Frederico Hernández scores
Anthony Rucker scores
Batting: RHB Jorge Márquez 0-0: Called Strike
0-1: Ball
1-1: Called Strike
1-2: Ground out 6-3 (Groundball, 6)
Roy Patrick scores
Batting: RHB Dexter Potter 0-0: Ball
1-0: Foul Ball, location: 2F
1-1: Ball
2-1: Ball
3-1: Fly out, F8 (Flyball, 8LS)
Bottom of the 6th over - 3 run(s), 3 hit(s), 0 error(s), 0 left on base; Niagara Falls 10 - Plymouth 4
TOP OF THE 7TH
Niagara Falls Frenzy batting - Pitching for Plymouth Rocks : RHP Ángel López
Batting: LHB Clyde Yarbrough 0-0: Foul Ball, location: 2F
0-1: Ball
1-1: DOUBLE (Line Drive, 3D)
Batting: LHB Dante Owens 0-0: Called Strike
0-1: Ball
1-1: Bunted foul
1-2: Ball
2-2: Ball
3-2: Foul Ball, location: 2F
3-2: Base on Balls
Batting: SHB Ray Burgess 0-0: Fly out, F7 (Flyball, 78M)
Batting: LHB Donovan Bird 0-0: Foul Ball, location: 2F
0-1: Ball
1-1: Ball
2-1: Ground out U3 (Groundball, 3S)
Clyde Yarbrough to third
Dante Owens to second
Batting: SHB Martín De Jesús 0-0: Ball
1-0: Fly out, F7 (Flyball, 7S)
Top of the 7th over - 0 run(s), 1 hit(s), 0 error(s), 2 left on base; Niagara Falls 10 - Plymouth 4
BOTTOM OF THE 7TH
Plymouth Rocks batting - Pitching for Niagara Falls Frenzy : RHP Étienne Garcia
Pitching: RHP Ángel Francisco
Batting: RHB Ray Yates 0-0: Ground out 1-3 (Groundball, 13S)
Batting: SHB António Enríquez 0-0: Ball
1-0: SINGLE (Line Drive, 34)
Batting: RHB António Zúñiga 0-0: SINGLE (Line Drive, 56D)
António Enríquez to second
Batting: LHB Frank Geddes 0-0: 3-RUN HOME RUN (Flyball, 9LD), Distance : 367 ft
Pitching: RHP Kimitada Takai
Batting: RHB Frederico Hernández 0-0: Swinging Strike
0-1: Ball
1-1: Ball
2-1: Ball
3-1: Fly out, F7 (Flyball, 7LM)
Batting: RHB Anthony Rucker 0-0: Called Strike
0-1: Called Strike
0-2: Ball
1-2: Ball
2-2: Foul Ball, location: 2F
2-2: SINGLE (Groundball, 34D)
Batting: LHB Roy Patrick 0-0: Ball
1-0: Ball
2-0: Called Strike
2-1: Ball
3-1: Fly out, F7 (Flyball, 78D)
Bottom of the 7th over - 3 run(s), 4 hit(s), 0 error(s), 1 left on base; Niagara Falls 10 - Plymouth 7
TOP OF THE 8TH
Niagara Falls Frenzy batting - Pitching for Plymouth Rocks : RHP Ángel López
Pitching: RHP Erik Estes
Batting: RHB Lawrence Schroeder 0-0: Called Strike
0-1: Ball
1-1: Ball
2-1: Ball
3-1: Foul Ball, location: 2F
3-2: Ground out 3-1 (Groundball, 34)
Batting: RHB Ángel Hinojosa 0-0: Called Strike
0-1: Swinging Strike
0-2: Foul Ball, location: 2F
0-2: Hit by Pitch
Batting: RHB Juan Carlos Rodríguez 0-0: Called Strike
0-1: Swinging Strike
0-2: Ball
1-2: DOUBLE (Flyball, 89M)
Ángel Hinojosa to third
Batting: RHB Juan Sánchez 0-0: DOUBLE (Flyball, 78XD)
Ángel Hinojosa scores
Juan Carlos Rodríguez scores
Batting: LHB Clyde Yarbrough 0-0: Ball
1-0: Ball
2-0: Swinging Strike
2-1: Ball
3-1: Ground out 6-3 (Groundball, 6M)
Juan Sánchez to third
Batting: LHB Dante Owens 0-0: Ball
1-0: 2-RUN HOME RUN (Flyball, 89XD), Distance : 431 ft
Batting: SHB Ray Burgess 0-0: Ball
1-0: Fly out, F6 (Line Drive, 6)
Top of the 8th over - 4 run(s), 3 hit(s), 0 error(s), 0 left on base; Niagara Falls 14 - Plymouth 7
BOTTOM OF THE 8TH
Plymouth Rocks batting - Pitching for Niagara Falls Frenzy : RHP Kimitada Takai
Batting: RHB Jorge Márquez 0-0: Ball
1-0: SINGLE (Flyball, 89S)
Batting: RHB Dexter Potter 0-0: Ball
1-0: Foul Ball, location: 2F
1-1: SINGLE (Groundball, 34D)
Jorge Márquez to second
Runner from 2nd tries for 3rd, SAFE, no throw or cutoff
Batting: RHB Ray Yates 0-0: Swinging Strike
0-1: Foul Ball, location: 2F
0-2: Ball
1-2: Fielders Choice at 2nd, 6-4 (Groundball, 6)
Jorge Márquez scores
Batting: SHB António Enríquez 0-0: Foul Ball, location: 2F
0-1: Ball
1-1: Ball
2-1: Fielders Choice at 2nd, 6-4 (Groundball, 6M)
Batting: RHB António Zúñiga 0-0: Ball
1-0: Ball
2-0: Ball
3-0: Called Strike
3-1: Base on Balls
António Enríquez to second
Batting: LHB Frank Geddes 0-0: Ball
Passed Ball!
António Enríquez to third
António Zúñiga to second
1-0: Fly out, F8 (Line Drive, 8LS)
Bottom of the 8th over - 1 run(s), 2 hit(s), 0 error(s), 2 left on base; Niagara Falls 14 - Plymouth 8
TOP OF THE 9TH
Niagara Falls Frenzy batting - Pitching for Plymouth Rocks : RHP Erik Estes
Pitching: LHP Scott Hill
Batting: LHB Donovan Bird 0-0: Called Strike
0-1: Fly out, F8 (Flyball, 8RM)
Batting: SHB Martín De Jesús 0-0: Ball
1-0: Swinging Strike
1-1: SINGLE (Groundball, 56D)
Batting: RHB Lawrence Schroeder 0-0: Ball
1-0: Ball
2-0: Ball
3-0: Base on Balls
Martín De Jesús to second
Batting: RHB Ángel Hinojosa 0-0: Called Strike
0-1: Ball
1-1: Swinging Strike
1-2: Fly out, F8 (Flyball, 8LS)
Batting: RHB Juan Carlos Rodríguez 0-0: Ball
1-0: Swinging Strike
1-1: Ball
2-1: Foul Ball, location: 2F
2-2: Fielders Choice at 2nd, 5-4 (Groundball, 56)
Top of the 9th over - 0 run(s), 1 hit(s), 0 error(s), 1 left on base; Niagara Falls 14 - Plymouth 8
BOTTOM OF THE 9TH
Plymouth Rocks batting - Pitching for Niagara Falls Frenzy : RHP Kimitada Takai
Pitching: LHP Santiago Valentín
Now at 1B: Bryce Hester
Batting: RHB Frederico Hernández 0-0: Ball
1-0: Called Strike
1-1: Foul Ball, location: 2F
1-2: Foul Ball, location: 2F
1-2: Ground out 6-3 (Groundball, 6)
Batting: RHB Anthony Rucker 0-0: Called Strike
0-1: Ground out U3 (Groundball, 3S)
Batting: LHB Roy Patrick 0-0: Swinging Strike
0-1: Swinging Strike
0-2: Strikes out swinging
Bottom of the 9th over - 0 run(s), 0 hit(s), 0 error(s), 0 left on base; Niagara Falls 14 - Plymouth 8
This league is powered by Out of the Park Baseball, the baseball management simulation game for PC, Mac and Linux
Saturday, April 9th, 2016 - OOTP Baseball 16.8 Build 38